 Dungeon Crawl Stone Soup version 0.30-a0-652-gcc886f7154 (webtiles) character file.

Game seed: 16275851885489450282

49 funkygono the Firebug (level 3, 0/24 HPs)
             Began as a Demonspawn Fire Elementalist on Jan 17, 2023.
             Slain by a gnoll
             ... wielding a +0 whip
              (2 damage)
             ... on level 1 of the Dungeon.
             The game lasted 00:03:10 (1442 turns).

funkygono the Firebug (DsFE)                        Turns: 1442, Time: 00:03:11

Health: 0/24       AC:  2    Str:  8    XL:     3   Next: 53%
Magic:  0/6        EV: 12    Int: 18    God:
Gold:   45         SH:  4    Dex: 13    Spells: 3/6 levels left

rFire   . . .      SeeInvis .    d - +0 whip
rCold   . . .      Faith    .    (no shield)
rNeg    . . .      Spirit   .    a - +0 robe
rPois   .          Reflect  .    (helmet restricted)
rElec   .          Harm     .    (no cloak)
rCorr   .          Rampage  .    (no gloves)
Will    .....                    (no boots)
Stlth   ++                       (no amulet)
HPRegen 0.24/turn                (no ring)
MPRegen 0.10/turn                (no ring)

@: no status effects
A: horns 1, large bone plates 1
a: no special abilities


You were on level 1 of the Dungeon.
You visited 1 branch of the dungeon, and saw 2 of its levels.

You collected 45 gold pieces.

Inventory:

Hand Weapons
 c - a +0 dagger
 d - a +0 whip (weapon)
Armour
 a - a +0 robe (worn)
Scrolls
 e - a scroll of fog {unknown}
 f - a scroll of identify {unknown}
 h - 2 scrolls of fear {unknown}
 i - a scroll of magic mapping {unknown}
 k - a scroll of blinking {unknown}
 m - a scroll of teleportation {unknown}
Potions
 b - a potion of magic
 g - a potion of mutation {unknown}
 j - a potion of lignification {unknown}
 l - 2 potions of haste {unknown}


   Skills:
 + Level 2.1 Dodging
 - Level 1.7 Stealth
 + Level 2.2 Spellcasting
 + Level 1.7 Conjurations
 + Level 3.5 Fire Magic


You had 3 spell levels left.
You knew the following spells:

 Your Spells              Type           Power      Damage    Failure   Level
a - Foxfire               Conj/Fire      44%        2x1d6     6%          1
b - Scorch                Fire           28%        2d6       6%          2

Your spell library contained the following spells:

 Spells                   Type           Power      Damage    Failure   Level
 Apportation              Tloc           4%         N/A       19%         1
 Necrotise                Necr           8%         1d4       19%         1
 Summon Small Mammal      Summ           8%         N/A       19%         1
 Inner Flame              Hex/Fire       8%         N/A       26%         3
 Kindle Blastsparks       Fire/Tloc/Air  12%        2d11      32%         3
 Flame Wave               Conj/Fire      11%        2d6       52%         4


Dungeon Overview and Level Annotations

Branches:
Dungeon (2/15)

Altars:

Shops:
D:1 :


Innate Abilities, Weirdness & Mutations

You have a pair of small horns on your head.
You are partially covered in large bone plates. (SH +4)


Message History

Confirm with . or Enter, or press ? or * to list all spells.
Flames lash the gnoll.
The gnoll is severely wounded.
The gnoll's fire resistance burns away.
The gnoll hits you with a +0 whip.
Unknown command.
The gnoll barely misses you. x2
You climb upwards.
Your summoned ally is left behind.
There is a stone staircase leading down, spattered with blood here.
Casting: Scorch (safe; 6% risk of failure)
Confirm with . or Enter, or press ? or * to list all spells.
Flames lash the gnoll.
The gnoll is moderately wounded.
The gnoll's fire resistance burns away.
The gnoll closely misses you. The gnoll misses you.
Casting: Scorch (safe; 6% risk of failure)
Confirm with . or Enter, or press ? or * to list all spells.
You don't have enough magic to cast this spell.
Unknown command.
Things that are here:
a +0 spear; a gnoll corpse The gnoll is no longer more vulnerable to fire.
The gnoll attacks as you move away! The gnoll hits you with a +0 whip.
Casting: Scorch (safe; 6% risk of failure)
Confirm with . or Enter, or press ? or * to list all spells.
You conjure some foxfire!
The gnoll is no longer more vulnerable to fire.
The foxfire hits the gnoll.
The gnoll is heavily wounded.
You barely miss the gnoll.
The gnoll is heavily wounded.
The foxfire hits the gnoll.
The gnoll is severely wounded.
The gnoll hits you with a +0 flail!
* * * LOW HITPOINT WARNING * * *
Unknown command.
Casting: Foxfire (safe; 6% risk of failure)
Confirm with . or Enter, or press ? or * to list all spells.
You conjure some foxfire!
The gnoll barely misses you. The gnoll hits you with a +0 whip.
You die...

.#.# #.# #.## ##.## .#.# #.#
##.###.##. .#.## #.# #........
....## #.# #.######. .#.#.####
#.# #.# ## ........# #.#
####.####### .#.#.##.# #.#
#........... ....###.#
#####g#####.##.####### ##.## #.#
#...v@g)>)#.##.# ##.####.##
#.#######.#.##.# ##.......# #.#
#.#.##.# ##.####..# #.#
#....(.##### ##.####..# #.#
#.###รท.....# ......#..# #.#
#.###.####.### ...##.#..# #.#
##..##..###.... ##.##.#..#
#.######...##8.8######
#.......###........####..##.####


You could see 2 gnolls.

Vanquished Creatures
  2 gnolls (D:1)
  A dart slug (D:1)
  3 endoplasms (D:1)
  A giant cockroach (D:1)
  2 goblins (D:1)
  2 hobgoblins (D:1)
  2 jackals (D:1)
  A kobold (D:1)
  A quokka (D:2)
  2 ball pythons (D:1)
  4 bats (D:1)
  2 frilled lizards
  6 rats
29 creatures vanquished.

Vanquished Creatures (others)
  81 foxfires
81 creatures vanquished.

Grand Total: 110 creatures vanquished

Notes
Turn   | Place    | Note
-------+----------+-------------------------------------------
     0 | D:1      | funkygono the Demonspawn Fire Elementalist began the quest
                  | for the Orb.
     0 | D:1      | Reached XP level 1. HP: 13/13 MP: 3/3
   239 | D:1      | Reached skill level 3 in Fire Magic
   303 | D:1      | Gained mutation: You have a pair of small horns on your
                  | head. [demonic ancestry]
   303 | D:1      | Reached XP level 2. HP: 19/19 MP: 1/5
   306 | D:1      | Learned a level 2 spell: Scorch
   781 | D:1      | Found a faded altar of an unknown god.
   948 | D:1      | Found Urarhev's Book Emporium.
  1244 | D:2      | Gained mutation: You are partially covered in large bone
                  | plates. (SH +4) [demonic ancestry]
  1244 | D:2      | Reached XP level 3. HP: 24/24 MP: 3/6
  1442 | D:1      | Slain by a gnoll

Illustrated notes

Levels and vault maps discovered:
D:1:      psy_arrival_terrarium, layout_loops_ring,
          shapermc_ecumenical_altar_petra, serial_shops, shop
D:2:      layout_rooms, basic_altar, bh_walls_and_bars

Skill      XL: |  1 |
---------------+----+-----
Dodging        | 2 |  2.1
Fire Magic     | 3 |  3.5
Stealth        | |  1.7
Spellcasting   | |  2.2
Conjurations   | |  1.7

Action                   || total
-------------------------++-------
Melee: Whip              ||     4
 Cast: Foxfire           ||    51
       Scorch            ||     6
Armor: Robe              ||     3
Dodge: Dodged            ||    17
Block: Other             ||     3

Table legend: (Time is in decaauts)
 A = Elapsed time spent in this place.
 B = Non-inter-level travel time spent in this place.
 C = Inter-level travel time spent in this place.
 D = Time resting spent in this place.
 E = Time spent auto-exploring this place.
 F = Levels seen in this place.
 G = Mean time per level.
                   A        B        C        D        E       F      G
               +--------+--------+--------+--------+--------+-----+--------+
         Total |   1443 |   1392 |     51 |     19 |   1173 |   2 |  721.5 |
       Dungeon |   1443 |   1392 |     51 |     19 |   1173 |   2 |  721.5 |
               +--------+--------+--------+--------+--------+-----+--------+

Top non-repeatable levels by time:
     D:1: 1380 daAuts
     D:2: 62 daAuts
